 Dungeon Crawl Stone Soup version 0.29-a0-284-gf9362112df (webtiles) character file.

Game seed: 4885122755188034185

18 Zonian the Chiller (level 2, 19/19 HPs)
             Began as a Demonspawn Ice Elementalist on Mar 22, 2022.
             Was a High Priest of Ignis.
             Quit the game on level 2 of the Dungeon.
             The game lasted 00:02:05 (2545 turns).

Zonian the Chiller (Demonspawn Ice Elementalist)    Turns: 2545, Time: 00:02:05

Health: 19/19      AC:  2    Str:  8    XL:     2   Next: 48%
Magic:  5/5        EV: 12    Int: 16    God:    Ignis [*****.]
Gold:   56         SH:  0    Dex: 13    Spells: 4/5 levels left

rFire   + . .      SeeInvis .   f - +0 dagger (venom)
rCold   . . .      Faith    .   (no shield)
rNeg    . . .      Spirit   .   a - +0 robe
rPois   .          Reflect  .   (no helmet)
rElec   .          Harm     .   (no cloak)
rCorr   .          Rampage  .   (no gloves)
Will    .....                   (no boots)
Stlth   ++........              (no amulet)
HPRegen 0.06/turn               (no ring)
MPRegen 0.09/turn               (no ring)

@: no status effects
A: powered by death 1
a: Renounce Religion, Fiery Armour, Foxfire Swarm, Rising Flame


You were on level 2 of the Dungeon.
You worshipped Ignis.
Ignis was extremely pleased with you.
You visited 1 branch of the dungeon, and saw 2 of its levels.

You collected 56 gold pieces.

Inventory:

Hand Weapons
 d - a +0 dagger
 f - a +0 dagger of venom (weapon)
Armour
 a - a +0 robe (worn)
Scrolls
 c - a scroll of fear {unknown}
 g - a scroll of teleportation {unknown}
 h - a scroll of identify {unknown}
 i - a scroll of magic mapping {unknown}
Potions
 b - a potion of magic
 e - 2 potions of curing {unknown}
 j - a potion of heal wounds {unknown}


   Skills:
 + Level 2.1 Dodging
 + Level 2.1 Stealth
 + Level 2.2 Spellcasting
 + Level 3.7 Ice Magic


You had 4 spell levels left.
You knew the following spells:

 Your Spells              Type           Power      Damage    Failure   Level
a - Freeze                Ice            52%        1d7       4%          1

Your spell library contained the following spells:

 Spells                   Type           Power      Damage    Failure   Level
 Frozen Ramparts          Ice            26%        1d4       13%         3
 Ozocubu's Armour         Ice            13%        N/A       13%         3
 Sublimation of Blood     Necr           1%         N/A       30%         2
 Wereblood                Tmut           1%         N/A       30%         2
 Hailstorm                Conj/Ice       7%         3d4       67%         4
 Summon Hydra             Summ           0%         N/A       100%        7


Dungeon Overview and Level Annotations

Branches:
Dungeon (2/15)

Altars:
Ignis

Annotations:
D:2 Jessica, Natasha


Innate Abilities, Weirdness & Mutations

You regenerate a little health from kills.


Message History

Done waiting.
Unknown command.
There is a stone staircase leading down here.
You climb downwards.
Level annotation: Jessica, Natasha Jessica casts a spell at you.
Pain shoots through your body!
Ouch! That really hurt!
There is a stone staircase leading up here.
Unknown command.
Unknown command.
You climb upwards.
There is a stone staircase leading down here.
Unknown command.
You start resting.
HP restored.
You start waiting.
Done waiting.
You start waiting.
Done waiting.
You start waiting.
Done waiting.
Unknown command.
You see here a +0 whip.
There is a stone staircase leading down here.
You climb downwards.
Level annotation: Jessica, Natasha
Found a faded altar of an unknown god.
There is a stone staircase leading up here.
Unknown command.
Unknown command.
Found a pink potion.
Found a stone staircase leading down.
There is a faded altar of an unknown god here.
You cannot tell which god this altar belongs to.
Convert to them anyway?
Ignis accepts your prayer! Ignis welcomes you!
There is a stone staircase leading down here.
j - a pink potion Unknown command.
Are you sure you want to abandon this character and quit the game? (Confirm with "yes".)

##############
##..^^^##.....##
##@..^_^........##
#.>....^.........#
#................#
#................##
#..................
#..........<.......
#..................
....................
##.#.............#..


There were no monsters in sight!

Vanquished Creatures
  A dart slug (D:1)
  A bat (D:1)
  3 goblins (D:1)
  2 hobgoblins (D:1)
  3 ball pythons (D:1)
  2 kobolds (D:1)
  3 rats (D:1)
15 creatures vanquished.

Notes
Turn   | Place    | Note
-------+----------+-------------------------------------------
     0 | D:1      | Zonian the Demonspawn Ice Elementalist began the quest for
                  | the Orb.
     0 | D:1      | Reached XP level 1. HP: 13/13 MP: 3/3
   642 | D:1      | Gained mutation: You regenerate a little health from kills.
                  | [demonic ancestry]
   642 | D:1      | Reached XP level 2. HP: 18/19 MP: 1/5
  1447 | D:2      | Noticed Natasha
  1448 | D:2      | Noticed Jessica
  1463 | D:2      | Noticed a crimson imp
  2526 | D:2      | Found a faded altar of an unknown god.
  2537 | D:2      | Prayed at the altar of an unknown god.
  2537 | D:2      | Became a worshipper of Ignis, the Dying Flame
  2545 | D:2      | Quit the game

Illustrated notes

Levels and vault maps discovered:
D:1:      minmay_arrival_shattered_statue, layout_basic, dk_noncrumbling_4,
          due_unseen_surprise
D:2:      layout_rooms, ebering_ecumenical_altar_webs, basic_altar,
          minmay_crystal_water, palyth_stone_intersect,
          kennysheep_decorative_pillar, kennysheep_small_spiral,
          kennysheep_potato, uniq_jessica, uniq_natasha

Skill      XL: |  1 |
---------------+----+-----
Stealth        | 2 |  2.1
Dodging        | 2 |  2.1
Spellcasting   | |  2.2
Ice Magic      | |  3.7

Action                   || total
-------------------------++-------
Melee: Unarmed           ||    13
       Dagger            ||     4
 Cast: Freeze            ||    23
Armor: Robe              ||     7
Dodge: Dodged            ||    24

Table legend: (Time is in decaauts)
 A = Elapsed time spent in this place.
 B = Non-inter-level travel time spent in this place.
 C = Inter-level travel time spent in this place.
 D = Time resting spent in this place.
 E = Time spent auto-exploring this place.
 F = Levels seen in this place.
 G = Mean time per level.
                   A        B        C        D        E       F      G
               +--------+--------+--------+--------+--------+-----+--------+
         Total |   2552 |   2425 |    127 |   1491 |    683 |   2 | 1276.0 |
       Dungeon |   2552 |   2425 |    127 |   1491 |    683 |   2 | 1276.0 |
               +--------+--------+--------+--------+--------+-----+--------+

Top non-repeatable levels by time:
     D:1: 2460 daAuts
     D:2: 91 daAuts
